 Dungeon Crawl Stone Soup version 0.23.2 (webtiles) character file.

Game seed: 6520338164401510978

225 Borgoz the Cutter (level 6, 0/51 HPs)
             Began as a Ghoul Gladiator on Apr 4, 2019.
             Slain by a slave (3 damage)
             ... led by Pikel
             ... on level 4 of the Dungeon.
             The game lasted 00:04:35 (2752 turns).

Borgoz the Cutter (Ghoul Gladiator)                 Turns: 2752, Time: 00:04:36

Health: 0/51       AC:  6    Str: 23    XL:     6   Next: 1%
Magic:  5/5        EV: 14    Int:  4    God:
Gold:   199        SH:  0    Dex: 11    Spells: 5/5 levels left

rFire    . . .     SeeInvis .   a - +1 rapier
rCold    + . .     Gourm    .   (no shield)
rNeg     + + +     Faith    .   n - +0 ring mail (curse)
rPois    ∞         Spirit   .   c - +0 helmet
rElec    .         Reflect  .   (no cloak)
rCorr    .         Harm     .   (no gloves)
MR       .....                  (no boots)
Stlth    +.........             (no amulet)
HPRegen  0.00/turn              q - +2 ring of evasion
MPRegen  0.09/turn              (no ring)

@: mighty, rotting
A: rotting body, claws 1, carnivore, cold resistance 1, negative energy
resistance 3, inhibited regeneration, torment resistance, unbreathing
a: no special abilities


You were on level 4 of the Dungeon.
You were not hungry.

You visited 1 branch of the dungeon, and saw 4 of its levels.

You collected 199 gold pieces.

Inventory:

Hand Weapons
 a - a +1 rapier (weapon)
Missiles
 d - 3 throwing nets (quivered)
 p - 11 tomahawks
Armour
 c - a +0 helmet (worn)
 n - a cursed +0 ring mail (worn)
Jewellery
 q - a +2 ring of evasion (left claw)
Wands
 y - a wand of random effects (10)
Scrolls
 k - a scroll of remove curse
Potions
 j - a potion of curing
 l - a potion of might
 m - a potion of degeneration {unknown}
 r - a potion of agility {unknown}
 u - 3 potions of haste
 v - a potion of heal wounds {unknown}
Comestibles
 b - 4 chunks of flesh
 f - 7 rations


   Skills:
 + Level 3.0 Fighting
 * Level 3.8 Short Blades
 - Level 1.7 Throwing
 * Level 2.2 Armour
 * Level 3.6 Dodging
 + Level 2.2 Stealth


You had 5 spell levels left.
You didn't know any spells.
Your spell library was empty.

Dungeon Overview and Level Annotations

Branches:
Dungeon (4/15)
 Temple: D:4-7

Altars:
Fedhas

Annotations:
D:4 Pikel


Innate Abilities, Weirdness & Mutations

Your body is rotting away.
You thrive on raw meat.
You are immune to poison.
You have sharp fingernails.
You are carnivorous and can eat meat at any time.
Your flesh is cold resistant. (rC+)
You are immune to negative energy. (rN+++)
You do not regenerate when monsters are visible.
You are immune to unholy pain and torment.
You can survive without breathing.


Message History

You barely miss Pikel.
Pikel is heavily wounded.
The slave hits you. The slave misses you. x2
Pikel hits you with a +2 whip of flaming.
Pikel burns you. The slave closely misses you.
You miss Pikel.
Pikel is heavily wounded.
The slave barely misses you. The slave closely misses you. The slave hits you.
* * * LOW HITPOINT WARNING * * *
Pikel zaps a wand.
You resist with some effort.
The now-empty wand crumbles to dust.
The slave hits you.
* * * LOW HITPOINT WARNING * * *
You closely miss Pikel.
Pikel is heavily wounded.
The slave hits you.
* * * LOW HITPOINT WARNING * * *
The slave hits you!
* * * LOW HITPOINT WARNING * * *
The slave hits you but does no damage. Pikel misses you. The slave hits you.
You die...

.............###.......
#......:.....#..#......<
..............#.........
..............###.......
...............####..###
......$.........# ###..#
................# ##..
......pp!........# ##.
......p@.........# ##..
......Kp.........# ##..[
.................###....
.................##...##
..............$###..####
...........$.####..## #
#.........######..##
##.....#### ###.###
##..#####


You could see Pikel and 4 slaves.

Vanquished Creatures
  An orc priest (D:3)
  2 orc wizards
  A worker ant (D:3)
  A gnoll (D:1)
  3 adders
  An ooze (D:3)
  A worm (D:3)
  2 dart slugs (D:1)
  2 leopard geckos (D:2)
  7 orcs
  2 giant cockroaches (D:1)
  5 goblins
  6 hobgoblins
  13 jackals
  A quokka (D:2)
  7 bats
  2 frilled lizards
  4 kobolds
  4 rats
65 creatures vanquished.

Notes
Turn   | Place    | Note
-------+----------+-------------------------------------------
     0 | D:1      | Borgoz the Ghoul Gladiator began the quest for the Orb.
     0 | D:1      | Reached XP level 1. HP: 17/17 MP: 0/0
   105 | D:1      | Reached XP level 2. HP: 9/24 MP: 1/1
   247 | D:1      | Reached XP level 3. HP: 20/30 MP: 2/2
   273 | D:1      | You fall through a shaft!
   280 | D:2      | Reached skill level 1 in Armour
   372 | D:2      | Reached skill level 1 in Stealth
   445 | D:2      | Found a blossoming altar of Fedhas.
   518 | D:2      | Reached XP level 4. HP: 10/37 MP: 3/3
  1834 | D:3      | Reached XP level 5. HP: 31/44 MP: 4/4
  2660 | D:4      | Reached XP level 6. HP: 38/50 MP: 5/5
  2740 | D:4      | Noticed Pikel
  2740 | D:4      | Noticed a slave
  2741 | D:4      | Noticed a slave
  2741 | D:4      | Noticed a slave
  2741 | D:4      | Noticed a slave
  2752 | D:4      | Slain by a slave

Skill      XL: |  1  2  3  4  5 |
---------------+----------------+-----
Short Blades   | 3 |  3.8
Dodging        | 3 |  3.6
Armour         | 1 2 |  2.2
Stealth        | 1 2 |  2.2
Fighting       | 3 |  3.0
Throwing       | |  1.7

Action                   |  1- 3 |  4- 6 || total
-------------------------+-------+-------++-------
Melee: Rapier            |   113 |   145 ||   258
Throw: Throwing net      |     1 |       ||     1
  Use: Scroll            |       |    12 ||    12
       Potion            |       |     1 ||     1
 Stab: Sleeping          |       |     4 ||     4
  Eat: Chunk             |     5 |     7 ||    12
Armor: Leather armour    |    34 |    17 ||    51
       Ring mail         |       |     6 ||     6
Dodge: Dodged            |    74 |   111 ||   185
